 Dungeon Crawl Stone Soup version 0.30.1-9-gdf580d7c3d (webtiles) character file.

Game seed: 13114720271088043073

33971 Ijustatesigmund the Geomancer (level 13, -5/79 HPs)
             Began as a Gargoyle Earth Elementalist on Oct 16, 2023.
             Was a High Priest of Vehumet.
             Slain by a caustic shrike simulacrum (42 damage)
             ... in an ice cave on Oct 17, 2023.
             The game lasted 00:38:33 (19548 turns).

Ijustatesigmund the Geomancer (GrEE)               Turns: 19548, Time: 00:38:33

Health: -5/79      AC: 24    Str: 11    XL:     13   Next: 74%
Magic:  10/28      EV: 11    Int: 20    God:    Vehumet [*****.]
Gold:   1042       SH:  5    Dex: 14    Spells: 21/35 levels left

rFire   . . .        q - staff of conjuration
rCold   . . .        M - +0 buckler
rNeg    + + .        z - +0 troll leather armour
rPois   ∞            I - +2 hat
rElec   +            m - +2 cloak
rCorr   +            k - +1 pair of gloves
SInv    .            C - +1 pair of boots
Will    .....        A - amulet of the acrobat
Stlth   ++           n - ring of resist corrosion
HPRegen 1.13/turn    P - ring of positive energy
MPRegen 0.21/turn

%: acrobat
@: no status effects
A: sickness immunity, AC +9, negative energy resistance 1, electricity
resistance, torment resistance 1, petrification resistance, agile 1, sense
surroundings 1
a: Renounce Religion


You were in an ice cave.
You worshipped Vehumet.
Vehumet was extremely pleased with you.
You visited 1 branch of the dungeon, and saw 15 of its levels.
You also visited: Ice Cave.

You collected 1138 gold pieces.
You spent 96 gold pieces at shops.

Inventory:

Hand Weapons
 e - a +5 quarterstaff of chaos
 u - a +1 heavy flail
 D - the +9 morningstar "Hoinol" {flame, Will++}
   (You found it on level 9 of the Dungeon)

   Will:      It greatly increases your willpower.
 K - a +4 spectral lajatang
Missiles
 p - 2 throwing nets
Armour
 a - +0 acid dragon scales
 k - a +1 pair of gloves (worn)
 m - a +2 cloak (worn)
 z - a +0 troll leather armour (worn)
 C - a +1 pair of boots (worn)
 I - a +2 hat (worn)
 M - a +0 buckler (worn)
Magical Staves
 q - a staff of conjuration (weapon)
Jewellery
 n - a ring of resist corrosion (left hand)
 o - a ring of fire
 A - an amulet of the acrobat (around neck)
 J - an amulet of magic regeneration
 P - a ring of positive energy (right hand)
Wands
 l - a wand of digging (6)
 r - a wand of iceblast (5)
 s - a wand of charming (10)
 x - a wand of flame (25)
 E - a wand of polymorph (11)
 N - a wand of mindburst (9)
Scrolls
 y - a scroll of magic mapping
 B - 2 scrolls of noise {unknown}
 F - a scroll of fear {unknown}
 G - 5 scrolls of identify
 H - 2 scrolls of fog {unknown}
 L - a scroll of immolation
 O - a scroll of teleportation
Potions
 b - 3 potions of magic
 c - 3 potions of resistance
 d - 5 potions of curing
 f - 6 potions of might
 g - a potion of haste
 h - 6 potions of brilliance
 i - 4 potions of attraction
 j - 4 potions of flight
 t - 4 potions of lignification
 v - a potion of ambrosia
 w - 2 potions of mutation


   Skills:
 - Level 8.3 Fighting
 - Level 6.8 Staves
 - Level 4.7 Armour
 - Level 1.5 Dodging
 - Level 2.1 Stealth
 - Level 4.0 Shields
 + Level 11.6 Spellcasting
 - Level 11.0 Conjurations
 - Level 6.7 Transmutations
 + Level 1.7 Fire Magic
 - Level 11.7 Earth Magic
 - Level 3.4 Evocations


You had 21 spell levels left.
You knew the following spells:

 Your Spells              Type           Power      Damage    Failure   Level
a - Sandblast             Erth           100%       2d20      1%          1
b - Stone Arrow           Conj/Erth      100%       3d13      1%          3
c - Irradiate             Conj/Tmut      31%        3d22      2%          5
d - Fireball              Conj/Fire      27%        3d12      6%          5

Your spell library contained the following spells:

 Spells                   Type           Power      Damage    Failure   Level
 Ozocubu's Refrigeration  Ice            5%         4d8       100%        7
 Foxfire                  Conj/Fire      100%       2x1d9     1%          1
 Passwall                 Tmut/Erth      40%        N/A       1%          2
 Hailstorm                Conj/Ice       50%        3d11      1%          3
 Iskenderun's Battlesphe  Conj           70%        2d12      1%          5
 Lee's Rapid Deconstruct  Erth           28%        3d15*     1%          5
 Flame Wave               Conj/Fire      54%        2d13      2%          4
 Petrify                  Tmut/Erth      48%        N/A       2%          4
 Freeze                   Ice            44%        1d6       3%          1
 Volatile Blastmotes      Fire/Tloc      30%        2d12      6%          3
 Frozen Ramparts          Ice            22%        1d4       9%          3
 Apportation              Tloc           22%        N/A       11%         1
 Necrotise                Necr           44%        1d6       11%         1
 Summon Small Mammal      Summ           44%        N/A       11%         1
 Blink                    Tloc           22%        N/A       16%         2
 Orb of Destruction       Conj           35%        9d10      24%         7
 Ice Form                 Ice/Tmut       25%        N/A       26%         4
 Olgreb's Toxic Radiance  Pois           11%        N/A       26%         4
 Gell's Gravitas          Tloc           11%        N/A       32%         3
 Teleport Other           Tloc           11%        N/A       32%         3
 Conjure Ball Lightning   Conj/Air       25%        3x3d7     38%         6
 Manifold Assault         Tloc           11%        N/A       71%         4
 Dispersal                Tloc           5%         N/A       100%        6
 Simulacrum               Ice/Necr       5%         N/A       100%        6
 Storm Form               Tmut/Air       12%        N/A       100%        7
 Discord                  Hex            5%         N/A       100%        8
 Ignition                 Fire           9%         3d5       100%        8
 Sublimation of Blood     Necr           Unusable   N/A       N/A         2

Dungeon Overview and Level Annotations

Branches:
Dungeon (15/15)            Temple (0/1) D:5            Lair (0/5) D:10
    Orc (0/2) D:11         Vaults (0/5) D:14         Depths (0/4) D:15
  IceCv (1/1)

Altars:
Dithmenos
Fedhas
Gozag
Makhleb
Ru
Sif Muna
Trog
Vehumet
Wu Jian
Yredelemnul
The Shining One

Shops:
D:2 (   D:3 :   D:7 !

Annotations:
D:11 2 runed translucent doors, exclusion: orange crystal statue
D:12 2 runed translucent doors
D:14 3 runed translucent doors, exclusion: obsidian statue, raetorn's ghost, adept KoEn


Innate Abilities, Weirdness & Mutations

You are immune to sickness and miasma.
Your stone body is resilient. (AC +9)
You are immune to poison.
You resist negative energy. (rN+)
You are resistant to electric shocks. (rElec)
You are resistant to unholy torment.
You are immune to petrification.
You are agile. (Dex +4, Str/Int -1)
You passively map a small area around you.


Message History

The fireball engulfs the seven-headed hydra simulacrum!
The seven-headed hydra simulacrum melts!
The seven-headed hydra simulacrum is heavily damaged.
A caustic shrike simulacrum comes into view.
Casting: Fireball (dangerous; 6% risk of failure)
Confirm with . or Enter, or press ? or * to list all spells.
You don't have enough magic to cast this spell.
Aiming: Throw Flame
Press: ? - help, Shift-Dir - straight line, f/p - seven-headed hydra simulacrum
Aim: a seven-headed hydra simulacrum (heavily damaged, 100% to hit)
The puff of flame hits the seven-headed hydra simulacrum!
The seven-headed hydra simulacrum melts!
The seven-headed hydra simulacrum is severely damaged.
Aiming: Throw Flame
Press: ? - help, Shift-Dir - straight line, f/p - seven-headed hydra simulacrum
Aim: a seven-headed hydra simulacrum (severely damaged, 100% to hit)
The puff of flame hits the seven-headed hydra simulacrum!
The seven-headed hydra simulacrum melts!
The seven-headed hydra simulacrum is almost destroyed.
You hit the seven-headed hydra simulacrum but do no damage.
The seven-headed hydra simulacrum is almost destroyed.
The caustic shrike simulacrum claws you but does no damage.
A freezing wraith comes into view.
Unknown command.
You hit the seven-headed hydra simulacrum.
You blast the seven-headed hydra simulacrum!
The seven-headed hydra simulacrum vaporises!
Vehumet accepts your kill.
You feel your power returning.
The caustic shrike simulacrum completely misses you.
The caustic shrike simulacrum barely misses you.
You barely miss the caustic shrike simulacrum.
The caustic shrike simulacrum claws you but does no damage.
The caustic shrike simulacrum claws you!
The caustic shrike simulacrum freezes you!!
You closely miss the caustic shrike simulacrum.
The caustic shrike simulacrum claws you!
The caustic shrike simulacrum freezes you!!!
Ouch! That really hurt!
You die...

* ##...
Z..#*
...##
*#...#
##W..##
##.....##
#○Z.∩...#
#@..∩...#
##.....##
##...##
#####


You could see a freezing wraith and a caustic shrike simulacrum.

Vanquished Creatures
  Agnes (D:14)
  3 centaur warriors
  3 tengu warriors
  5 two-headed ogres
  3 boulder beetles
  4 skeletal warriors
  A spriggan simulacrum (IceCv)
  A lindwurm (D:14)
  2 orc knights (D:14)
  3 deep elf pyromancers
  2 cyclopes
  2 ugly things (D:14)
  2 manticores (D:14)
  2 gargoyles (D:12)
  Maurice (D:12)
  3 kobold demonologists
  2 unseen horrors
  A komodo dragon (shapeshifter) (D:13)
  4 trolls
  A meliai (D:14)
  2 hornets
  A dream sheep (shapeshifter) (D:14)
  5 slime creatures (D:13)
  Sigmund (D:5)
  3 shadows
  2 wyverns
  3 vampires
  4 yaks (D:10)
  8 wraiths
  A steam dragon (D:9)
  A redback (shapeshifter) (D:14)
  9 vampire mosquitoes
  Menkaure (D:7)
  A minotaur simulacrum (IceCv)
  A warg (D:11)
  3 acid dragons
  3 water moccasins (D:7)
  A hydra simulacrum (IceCv)
  Duvessa (D:4)
  2 ice beasts
  A sky beast (D:7)
  3 orc warriors
  3 ogres
  3 centaurs
  A phantom (D:5)
  8 kobold brigands
  3 bullfrogs
  3 wights (D:7)
  Dowan (D:4)
  13 killer bees
  5 howler monkeys
  A lava snake (D:10)
  2 hounds
  A jelly (shapeshifter) (D:14)
  3 jellies (D:6)
  A sleepcap (D:6)
  A gnoll bouda (D:9)
  5 orc priests
  Crazy Yiuf (D:2)
  An iguana (D:3)
  11 orc wizards
  6 gnolls
  10 adders
  2 shadow imps
  A white imp (D:5)
  3 ufetubi
  3 worms
  A dart slug (D:1)
  39 orcs
  11 ball pythons
  4 bats (D:1)
  7 endoplasms
  3 giant cockroaches
  11 hobgoblins
  5 jackals (D:2)
  22 kobolds
  2 quokkas (D:4)
  6 frilled lizards
  15 goblins
  9 rats
  A spectral goblin (D:2)
331 creatures vanquished.

Vanquished Creatures (collateral kills)
  An ugly thing (D:14)
  A cyclops (D:10)
2 creatures vanquished.

Vanquished Creatures (others)
  3 ugly things (D:14)
  An endoplasm zombie (D:4)
4 creatures vanquished.

Grand Total: 337 creatures vanquished

Notes
Turn   | Place    | Note
-------+----------+-------------------------------------------
     0 | D:1      | Ijustatesigmund the Gargoyle Earth Elementalist began the
                  | quest for the Orb.
     0 | D:1      | Reached XP level 1. HP: 10/10 MP: 3/3
   242 | D:1      | Reached XP level 2. HP: 16/16 MP: 3/5
   254 | D:1      | Reached skill level 1 in Fighting
   641 | D:1      | Reached XP level 3. HP: 20/20 MP: 6/6
   645 | D:1      | Learned a level 3 spell: Stone Arrow
  1668 | D:2      | Found Huzuff's Weapon Shoppe.
  1831 | D:2      | Found a runed translucent door.
  1832 | D:2      | Noticed Crazy Yiuf
  1841 | D:2      | Killed Crazy Yiuf
  1842 | D:2      | Reached XP level 4. HP: 5/26 MP: 4/8
  2115 | D:2      | Reached XP level 5. HP: 30/30 MP: 9/9
  2217 | D:2      | Found a faded altar of an unknown god.
  2365 | D:3      | Reached skill level 1 in Staves
  2385 | D:3      | Found Silun's Vocational Training.
  2487 | D:3      | Found a radiant altar of Vehumet.
  2495 | D:3      | Became a worshipper of Vehumet
  2575 | D:3      | Reached skill level 5 in Earth Magic
  2711 | D:3      | Reached skill level 1 in Conjurations
  2902 | D:3      | Reached XP level 6. HP: 32/35 MP: 9/11
  3437 | D:4      | Noticed Dowan
  3438 | D:4      | Noticed Duvessa
  3447 | D:4      | Killed Duvessa
  3459 | D:4      | Killed Dowan
  3462 | D:4      | Reached * piety under Vehumet
  3462 | D:4      | Offered knowledge of Magic Dart by Vehumet.
  3680 | D:4      | Reached XP level 7. HP: 40/40 MP: 12/12
  3911 | D:5      | Entered Level 5 of the Dungeon
  3944 | D:5      | Noticed Sigmund
  3953 | D:5      | Killed Sigmund
  4238 | D:5      | Found a staircase to the Ecumenical Temple.
  4268 | D:5      | Reached XP level 8. HP: 32/45 MP: 14/14
  4451 | D:5      | Offered knowledge of Foxfire by Vehumet.
  4452 | D:5      | Reached skill level 5 in Conjurations
  4452 | D:5      | Reached ** piety under Vehumet
  4676 | D:5      | Found a basalt altar of Yredelemnul.
  4686 | D:5      | Found a blossoming altar of Fedhas.
  4812 | D:6      | Found a sacrificial altar of Ru.
  4850 | D:6      | Got the Anthology of Cleavage and Phlogiston
  5958 | D:7      | Noticed a deep elf pyromancer
  5969 | D:7      | Killed a deep elf pyromancer
  5970 | D:7      | Reached skill level 5 in Spellcasting
  5970 | D:7      | Reached XP level 9. HP: 13/52 MP: 11/16
  6365 | D:7      | Found an ornate altar of the Wu Jian Council.
  6365 | D:7      | Found a shimmering blue altar of Sif Muna.
  6366 | D:7      | Found a glowing golden altar of the Shining One.
  6464 | D:7      | Reached skill level 10 in Earth Magic
  6464 | D:7      | Reached XP level 10. HP: 64/64 MP: 16/21
  6499 | D:7      | Noticed Menkaure
  6505 | D:7      | Killed Menkaure
  7190 | D:7      | Killed an unseen horror
  7653 | D:7      | Found Jirghimn's Distillery.
  7683 | D:7      | Bought a potion of mutation for 96 gold pieces
  7683 | D:7      | Gained mutation: You have an increased reservoir of magic.
                  | (+10% MP) [potion of mutation]
  7683 | D:7      | Gained mutation: You are agile. (Dex +4, Str/Int -1)
                  | [potion of mutation]
  7683 | D:7      | Lost mutation: You have an increased reservoir of magic.
                  | (+10% MP) [potion of mutation]
  7683 | D:7      | Gained mutation: You passively map a small area around you.
                  | [potion of mutation]
  8106 | D:7      | Reached skill level 10 in Conjurations
  8997 | D:8      | Offered knowledge of Poisonous Vapours by Vehumet.
  9889 | D:9      | Identified the +9 morningstar "Hoinol" {flame, Will++}
  9954 | D:9      | Found a bloodstained altar of Trog.
  9963 | D:9      | Found a shadowy altar of Dithmenos.
 10195 | D:9      | Found a burning altar of Makhleb.
 10227 | D:10     | Entered Level 10 of the Dungeon
 10232 | D:9      | Reached skill level 1 in Evocations
 10232 | D:9      | Reached *** piety under Vehumet
 10501 | D:10     | Reached XP level 11. HP: 69/69 MP: 4/23
 10836 | D:10     | Identified the +0 scale mail of the Distant Future {Str+3}
 11193 | D:10     | Offered knowledge of Inner Flame by Vehumet.
 11205 | D:10     | Noticed a centaur warrior
 11212 | D:10     | Noticed a two-headed ogre
 11254 | D:10     | Killed a two-headed ogre
 11295 | D:10     | Noticed a cyclops
 11301 | D:10     | Killed a cyclops
 11352 | D:10     | Killed a centaur warrior
 12466 | D:10     | Found a staircase to the Lair.
 12546 | D:10     | Noticed a two-headed ogre
 12549 | D:10     | Killed a two-headed ogre
 12550 | D:10     | Reached skill level 1 in Armour
 12724 | D:11     | Found a runed translucent door.
 12725 | D:11     | Found the +10 tower shield of Ignorance {rN+ Int-4}
 12728 | D:11     | Noticed an orange crystal statue
 12972 | D:11     | Learned a level 5 spell: Irradiate
 12977 | D:11     | Found a runed translucent door.
 13003 | D:11     | Reached skill level 1 in Transmutations
 13052 | D:11     | Noticed a two-headed ogre
 13056 | D:11     | Killed a two-headed ogre
 13174 | D:11     | Noticed a skeletal warrior
 13179 | D:11     | Noticed a skeletal warrior
 13371 | D:12     | Noticed Maurice
 13378 | D:12     | Killed Maurice
 13379 | D:12     | Reached XP level 12. HP: 75/75 MP: 16/25
 13429 | D:12     | Found a large runed translucent door.
 13429 | D:12     | Found a large runed translucent door.
 13440 | D:12     | Noticed a naga warrior
 13445 | D:12     | Noticed a naga warrior
 13446 | D:12     | Reached **** piety under Vehumet
 13536 | D:12     | Noticed a two-headed ogre
 13653 | D:12     | Killed a two-headed ogre
 14025 | D:12     | Noticed a two-headed ogre
 14123 | D:13     | You fall into a shaft and drop 1 floor!
 14196 | D:14     | Noticed a boulder beetle
 14212 | D:14     | Killed a boulder beetle
 14404 | D:13     | Noticed a tengu warrior
 14409 | D:13     | Killed a tengu warrior
 14410 | D:13     | Reached skill level 1 in Shields
 14713 | D:13     | Noticed a tengu warrior
 14720 | D:13     | Killed a tengu warrior
 14921 | D:13     | Noticed a boulder beetle
 14927 | D:13     | Killed a boulder beetle
 14928 | D:13     | Reached skill level 10 in Spellcasting
 15404 | D:13     | Offered knowledge of Freezing Cloud by Vehumet.
 16252 | D:11     | Reached skill level 5 in Transmutations
 16493 | D:11     | Reached XP level 13. HP: 74/79 MP: 13/27
 16887 | D:11     | Found a staircase to the Orcish Mines.
 16932 | D:11     | Reached skill level 5 in Staves
 18498 | D:14     | Found a runed translucent gate.
 18498 | D:14     | Found a runed translucent gate.
 18498 | D:14     | Found a runed translucent gate.
 18507 | D:14     | Found an opulent altar of Gozag.
 18507 | D:14     | Noticed a sphinx
 18508 | D:14     | Noticed an ettin
 18509 | D:14     | Noticed a fire dragon
 18509 | D:14     | Noticed raetorn's ghost (adept KoEn)
 18770 | D:14     | Reached ***** piety under Vehumet
 19359 | D:14     | Found a gate to the Vaults.
 19418 | D:15     | Entered Level 15 of the Dungeon
 19418 | D:15     | Noticed Agnes
 19434 | D:14     | Killed Agnes
 19434 | D:14     | Offered knowledge of Ozocubu's Refrigeration by Vehumet.
 19485 | D:15     | Learned a level 5 spell: Fireball
 19517 | D:15     | Reached skill level 1 in Fire Magic
 19522 | D:15     | Found a frozen archway.
 19529 | IceCv    | Entered an ice cave
 19548 | IceCv    | Slain by a caustic shrike simulacrum

Illustrated notes

Levels and vault maps discovered:
D:1:      grunt_arrival_crossed_arrows, layout_basic
D:2:      layout_rooms, dreamdust_ecumenical_altar_drowned_temple, serial_shops,
          shop, hex_large, uniq_crazy_yiuf_cottage
D:3:      layout_basic, nicolae_vehumet_altar_sigil, serial_bayou_pond_e,
          nicolae_shop_vocational
D:4:      layout_rooms, chequers_serial_rivers_room_b,
          kennysheep_generic_room_14, uniq_duvessa
D:5:      layout_gridville, amethyst_overflow_temple_binary,
          minmay_temple_entry_gardened_gates, minmay_misc_feat_four_crosses,
          uniq_sigmund
D:6:      layout_rooms, nicolae_ru_awakened_eye
D:7:      minmay_opposing_rooms, layout_layer_cave,
          gammafunk_temple_overflow_forgotten, serial_shops, shop,
          chequers_avenue, uniq_menkaure
D:8:      layout_rooms
D:9:      layout_rooms, mainiacjoe_overflow_swirl, lemuel_tele_altar
D:10:     nzn_winding_woodlands_cross [nzn_winding_woodlands_5x15_lazy_stream,
          nzn_winding_woodlands_5x15_twine, nzn_winding_woodlands_5x15_default,
          nzn_winding_woodlands_5x15_parted,
          nzn_winding_woodlands_15x15_killbox], layout_rooms,
          palyth_stone_intersect, kennysheep_cluttered_room, serial_park_tiny_1
D:11:     layout_cave_pods, erik_orc_3, chequers_guarded_unrand_ignorance
D:12:     okawaru_arena_lexackson, layout_gridville, uniq_maurice
D:13:     layout_basic, chequers_serial_rivers_small_b
D:14:     layout_loops_ring, david_vaults_4, serial_glass, glass_columns_b,
          glass_columns_a, ebering_ghost_gozag, lightli_fourway_metalbox
D:15:     grunt_enter_depths_giant_problem, layout_loops_ring,
          portal_ice_cave_entry_pillars_four,
          nicolae_uskayaw_murder_on_the_dancefloor,
          chequers_serial_rivers_micro_b, nicolae_diode_quadrants, uniq_nessos,
          uniq_agnes
IceCv:    ice_cave_tombish

Skill      XL: |  1  2  3  4  5  6  7  8  9 10 11 12 13 |
---------------+----------------------------------------+-----
Fighting       | 1 2 4 7 8 |  8.3
Earth Magic    | 4 5 6 7 10 11 | 11.7
Spellcasting   | 3 4 5 7 8 9 10 11 | 11.6
Staves         | 1 2 3 4 6 |  6.8
Conjurations   | 1 3 4 7 9 10 11 | 11.0
Evocations     | 1 3 |  3.4
Armour         | 2 4 |  4.7
Transmutations | 1 5 6 |  6.7
Shields        | 4 |  4.0
Fire Magic     | 1 |  1.7
Dodging        | |  1.5
Stealth        | |  2.1

Action                     |  1- 3 |  4- 6 |  7- 9 | 10-12 | 13-15 || total
---------------------------+-------+-------+-------+-------+-------++-------
  Melee: Unarmed           |     6 |       |       |       |       ||     6
         Trident           |   106 |       |       |       |       ||   106
         Punch             |     2 |       |       |     2 |       ||     4
         Quarterstaff      |       |   108 |   137 |    68 |       ||   313
         Staff             |       |       |       |   279 |   112 ||   391
   Cast: Sandblast         |    30 |     4 |       |     2 |     6 ||    42
         Stone Arrow       |     1 |     2 |     9 |   212 |    79 ||   303
         Irradiate         |       |       |       |    11 |    16 ||    27
         Fireball          |       |       |       |       |     2 ||     2
  Evoke: Wand              |       |       |       |     7 |    12 ||    19
    Use: Scroll            |     2 |    11 |     5 |     8 |     1 ||    27
         Potion            |     1 |       |     3 |     7 |     2 ||    13
   Stab: Sleeping          |     4 |     5 |       |       |       ||     9
         Distracted        |       |     1 |       |       |       ||     1
         Paralysed         |       |       |     4 |     1 |       ||     5
 Armour: Robe              |    73 |    65 |    80 |   290 |       ||   508
         Skin              |       |       |       |     7 |       ||     7
         Acid dragon scale |       |       |       |    15 |       ||    15
         Troll leather arm |       |       |       |    24 |    70 ||    94
  Dodge: Dodged            |    81 |    77 |    91 |   342 |    71 ||   662
  Block: Buckler           |       |       |       |     8 |    32 ||    40
